Workbook

Sheet Contents
A1: Australian Bureau of Statistics
A2: 6602.0 - Microdata: Longitudinal Labour Force, Australia
A3: Released at 11:30 am (Canberra time) Wed 21 October 2026
A4: Data Item List
B6: Contents
C8: Record Identifiers
C9: ABSRID | F9: Record ID
C10: ABSHID | F10: Household ID
C11: ABSPID | F11: Person ID
C12: Time
C13: ABSMID | F13: Survey month
C14: SURVYEAR | F14: Survey year
C15: STRTDATE | F15: First day of reference week
C16: FRSTMTH | F16: First month of selection
C17: MNTHSEL | F17: Month of selection
C18: NUMRESP | F18: Number of responses
C19: RESPNUM | F19: Response number
C20: Survey
C21: SAMPFRME | F21: Sample frame
C22: ROTGRP | F22: Rotation grroup
C23: RESPTYPE | F23: Respondent detail
C24: URSTATUS | F24: Usual resident status
C25: SUBPSRCE | F25: Administrative data source
C26: Geography
F27: Australian Statistical Geography Standard (ASGS)
C28: STATESEL | F28: State or territory of selection
C29: STATEUR | F29: State or territory (ASGS) of usual residence
C30: AREAUR | F30: Area (ASGS) of usual residence
C31: GCCSA | F31: Greater Capital City Statistical Area (ASGS) of usual residence
C32: REGNASGS | F32: Labour market region (ASGS, SA4) of usual residence
F33: Australian Standard Geographical Classification (ASGC)
C34: STATASGC | F34: State or territory (ASGC) of usual residence
C35: AREAASGC | F35: Area (ASGC) of usual residence
C36: CCBSASGC | F36: Capital city or Balance of state/territory (ASGC) of usual residence
C37: RG06ASGC | F37: Region (ASGC - 2006) of usual residence
C38: RG96ASGC | F38: Region (ASGC - 1996) of usual residence
C39: RG21ASGC | F39: Region (ASGC - Edition 2.1) of usual residence
C40: RGV9ASGC | F40: Region (ASGC - 9th Edition) of usual residence
C41: RGV1ASGC | F41: Region (ASGC - 1st Edition) of usual residence
C42: Demography
C43: SEX | F43: Sex
C44: AGE | F44: Age
C45: YRBIRTH | F45: Year of birth
C46: COBMCG | F46: Sub-continent of birth (SACC 2016) Major Country Group
C47: COBRC | F47: Country of birth (SACC 2016)
C48: DECARR | F48: Decade of arrival
C49: YRARR | F49: Year of arrival
C50: ELAPYRAR | F50: Elapsed years since arrival
C51: Household and Family
F52: Person level characteristics
C53: SOCMAR | F53: Social marital status
C54: LFSFREL | F54: Relationship in household
F55: Household/Dwelling level characteristics
C56: NUMFAMH | F56: Number of families in household
C57: NPER15H | F57: Number of people in household (aged 15 years and over)
C58: NKID14H | F58: Number of children in household (aged 0 to 14 years)
C59: NKID04H | F59: Number of children in household (aged 0 to 4 years)
C60: AGYNG14H | F60: Age of youngest child in household (aged 0 to 14 years)
F61: Family level characteristics
C62: FAMNUM | F62: Family number
C63: NPER15F | F63: Number of family members in family (aged 15 years and over)
C64: NKID14F | F64: Number of children in family (aged 0 to 14 years)
C65: NKID04F | F65: Number of children in family (aged 0 to 4 years)
C66: AGYNG14F | F66: Age of youngest child in family (aged 0 to 14 years)
C67: Education and Qualifications
C68: EDUCSTAT | F68: Educational attendance (full-time, aged 15 to 24 years)
C69: YRSCHOOL | F69: Year left school (aged 15 to 19 years)
C70: HIGHYEAR | F70: Highest year of school completed
C71: EDUCATT | F71: Educational attendance (detailed)
C72: HIQ01LVL | F72: Level of highest educational attainment (ASCED 2001)
C73: HIQ93LVL | F73: Level of highest educational attainment (ABSCQ 1993)
C74: HIQXXLVL | F74: Level of highest educational attainment (pre-1993)
C75: NSQ01LVL | F75: Level of highest non-school qualification (ASCED 2001)
C76: NSQ01FLD | F76: Main field of highest non-school qualification (ASCED 2001)
C77: HIQ93FLD | F77: Main field of highest educational attainment (ABSCQ 1993)
C78: YRCOMNSQ | F78: Year completed hightest non-school qualification
C79: Employment
C80: LFSTATUS | F80: Labour force status
C81: FTPTEMP | F81: Full-time or part-time status of employment
C82: STATEMP | F82: Status in employment of main job (or last job)
C83: MULTJOB | F83: Multiple job holders
C84: WORKMON | F84: Whether worked on Monday last week
C85: WORKTUE | F85: Whether worked on Tuesday last week
C86: WORKWED | F86: Whether worked on Wednesday last week
C87: WORKTHU | F87: Whether worked on Thursday last week
C88: WORKFRI | F88: Whether worked on Friday last week
C89: WORKSAT | F89: Whether worked on Saturday last week
C90: WORKSUN | F90: Whether worked on Sunday last week
C91: TENURMTH | F91: Job tenure (less than 12 months)
... C95: AWAYWORK | F95: Away from work status
C96: Hours
C97: ACTFTPT | F97: Whether actually worked full-time or part-time hours in all jobs last week
C98: HRSWORK | F98: Hours actually worked in all jobs last week
C99: USLFTPT | F99: Whether usually works full-time or part-time hours in all jobs
C100: HRUWAJ | F100: Hours usually worked in all jobs
C101: HRAWMJ | F101: Hours actually worked in main job last week
C102: HRUWMJ | F102: Hours usually worked in main job
C103: Underutilisation
F104: Underutilisation (current definition)
C105: UNDREMP | F105: Underemployment status
...

Sheet Record IDs
A1: Australian Bureau of Statistics
A2: =Contents!A2 -> 6602.0 - Microdata: Longitudinal Labour Force, Australia
A3: =Contents!A3 -> Released at 11:30 am (Canberra time) Wed 21 October 2026
A4: Data Item List
B6: Record Identifiers
A8: Data item label and categories | E8: Identifier | F8: Level | G8: Survey | H8: Frequency | I8: Population
C10: Record ID | E10: ABSRID | F10: Person | G10: LFS | H10: Not applicable | I10: All
C11: The ABS Record ID has the following format:
D13: LLFSYYMMHHHHHPP
D15: LLFS - A prefix of letters (Longitudinal Labour Force Survey)
D16: YYMM - Year (2 digit) and Month (2 digit) for when the household was first selected for the LFS (eg 0706 = June 2007)
D17: HHHHH - 5 digit number to uniquely identify household, assigned sequentially from 00001 to 35901
D18: PP - 2 digit number to uniquely identify a person in the household, assigned sequentially from 01 to 49
D20: SUBPYYMMHHHHH01
D22: SUBP - A prefix of letters (Sub-population administrative data)
D23: YYMM - Year (2 digit) and Month (2 digit) of reference period (eg 1608 = August 2016)
D24: HHHHH - 5 digit number to uniquely identify record, assigned sequentially from 00001 to 12234
C27: Household ID | E27: ABSHID | F27: Household/ | G27: LFS | H27: Not applicable | I27: All
C28: The ABS Household ID has the following format: | F28: Dwelling
D30: LLFSYYMMHHHHH
D32: LLFS - A prefix of letters (Longitudinal Labour Force Survey)
D33: YYMM - Year (2 digit) and Month (2 digit) for when the household was first selected for the LFS (eg 0706 = June 2007)
D34: HHHHH - 5 digit number to uniquely identify household, assigned sequentially from 00001 to 35901
D36: SUBPYYMMHHHHH
D38: SUBP - A prefix of letters (Sub-population administrative data)
D39: YYMM - Year (2 digit) and Month (2 digit) of reference period (eg 1608 = August 2016)
D40: HHHHH - 5 digit number to uniquely identify record, assigned sequentially from 00001 to 12234
C43: Person ID | E43: ABSPID | F43: Person | G43: LFS | H43: Not applicable | I43: All
C44: 01 | D44: Person 1
C45: 02 | D45: Person 2
C46: 03 | D46: Person 3
C47: ... | D47: ...
C48: 48 | D48: Person 48
C49: 49 | D49: Person 49
C54: ="© Commonwealth of Australia "&YEAR(TODAY()) -> © Commonwealth of Australia 2026

Sheet Time
A1: Australian Bureau of Statistics
A2: =Contents!A2 -> 6602.0 - Microdata: Longitudinal Labour Force, Australia
A3: =Contents!A3 -> Released at 11:30 am (Canberra time) Wed 21 October 2026
A4: Data Item List
B6: Time
A8: Data item label and categories | F8: Identifier | G8: Level | H8: Survey | I8: Frequency | J8: Population
C10: Survey month | F10: ABSMID | G10: Not applicable | H10: LFS | I10: Not applicable | J10: All
C11: =YEAR(D11)*100+MONTH(D11) -> 196402 | D11: 23408 | E11: missing
C12: =YEAR(D12)*100+MONTH(D12) -> 196405 | D12: 23498 | E12: missing
C13: =YEAR(D13)*100+MONTH(D13) -> 196408 | D13: 23590 | E13: missing
C14: =YEAR(D14)*100+MONTH(D14) -> 196411 | D14: 23682 | E14: missing
C15: =YEAR(D15)*100+MONTH(D15) -> 196502 | D15: 23774 | E15: missing
C16: =YEAR(D16)*100+MONTH(D16) -> 196505 | D16: 23863 | E16: missing
C17: =YEAR(D17)*100+MONTH(D17) -> 196508 | D17: 23955 | E17: missing
C18: =YEAR(D18)*100+MONTH(D18) -> 196511 | D18: 24047 | E18: missing
C19: =YEAR(D19)*100+MONTH(D19) -> 196602 | D19: 24139 | E19: missing
C20: =YEAR(D20)*100+MONTH(D20) -> 196605 | D20: 24228 | E20: missing
C21: =YEAR(D21)*100+MONTH(D21) -> 196608 | D21: 24320 | E21: missing
C22: =YEAR(D22)*100+MONTH(D22) -> 196611 | D22: 24412 | E22: pending
... C650: =YEAR(D650)*100+MONTH(D650) -> 202609 | D650: 46266 | E650: pending
C651: ... | D651: ... | E651: ...
C654: Survey year | F654: SURVYEAR | G654: Not applicable | H654: LFS | I654: Not applicable | J654: All
C655: 1982 | D655: 1982
C656: 1983 | D656: 1983
C657: 1984 | D657: 1984
C658: ... | D658: ...
C659: 2024 | D659: 2024
C660: 2025 | D660: 2025
C661: 2026 | D661: 2026
C662: ... | D662: ...
C665: First day of reference week | F665: STRTDATE | G665: Person | H665: LFS | I665: Not applicable | J665: All
C666: 8312 | D666: 30228
C667: 8319 | D667: 30235
C668: 8340 | D668: 30256
C669: 8347 | D669: 30263
C670: 8368 | D670: 30284
C671: 8375 | D671: 30291
C672: 8403 | D672: 30319
C673: 8410 | D673: 30326
C674: ... | D674: ...
C675: 17748 | D675: 39664
C676: 17755 | D676: 39671
C677: 17775 | D677: 39691
C678: 17782 | D678: 39698
C679: 17803 | D679: 39719
C680: 17810 | D680: 39726
C681: ... | D681: ...
C682: =D682-21916 -> 24278 | D682: =D683-7 -> 46194
C683: =D683-21916 -> 24285 | D683: =D684-7 -> 46201
C684: =D684-21916 -> 24292 | D684: =D685-7 -> 46208
C685: =D685-21916 -> 24299 | D685: =D686-7 -> 46215
C686: =D686-21916 -> 24306 | D686: =D687-14 -> 46222
C687: =D687-21916 -> 24320 | D687: =D688-7 -> 46236
C688: =D688-21916 -> 24327 | D688: =D689-7 -> 46243
C689: =D689-21916 -> 24334 | D689: =D690-7 -> 46250
C690: =D690-21916 -> 24341 | D690: =D691-7 -> 46257
C691: =D691-21916 -> 24348 | D691: =D692-7 -> 46264
C692: =D692-21916 -> 24355 | D692: =D693-7 -> 46271
C693: =D693-21916 -> 24362 | D693: =D694-7 -> 46278
C694: =D694-21916 -> 24369 | D694: 46285
C697: First month of selection | F697: FRSTMTH | G697: Household/ | H697: LFS | I697: Not applicable | J697: All
C698: =YEAR(D698)*100+MONTH(D698) -> 198210 | D698: 30225 | G698: Dwelling
C699: =YEAR(D699)*100+MONTH(D699) -> 198211 | D699: 30256
C700: =YEAR(D700)*100+MONTH(D700) -> 198212 | D700: 30286
C701: =YEAR(D701)*100+MONTH(D701) -> 198301 | D701: 30317
C702: =YEAR(D702)*100+MONTH(D702) -> 198302 | D702: 30348
C703: ... | D703: ...
C704: =YEAR(D704)*100+MONTH(D704) -> 202512 | D704: =DATE(YEAR(D705),MONTH(D705)-1,1) -> 45992
C705: =YEAR(D705)*100+MONTH(D705) -> 202601 | D705: =DATE(YEAR(D706),MONTH(D706)-1,1) -> 46023
C706: =YEAR(D706)*100+MONTH(D706) -> 202602 | D706: =DATE(YEAR(D707),MONTH(D707)-1,1) -> 46054
C707: =YEAR(D707)*100+MONTH(D707) -> 202603 | D707: =DATE(YEAR(D708),MONTH(D708)-1,1) -> 46082
C708: =YEAR(D708)*100+MONTH(D708) -> 202604 | D708: =DATE(YEAR(D709),MONTH(D709)-1,1) -> 46113
C709: =YEAR(D709)*100+MONTH(D709) -> 202605 | D709: =DATE(YEAR(D710),MONTH(D710)-1,1) -> 46143
C710: =YEAR(D710)*100+MONTH(D710) -> 202606 | D710: =DATE(YEAR(D711),MONTH(D711)-1,1) -> 46174
C711: =YEAR(D711)*100+MONTH(D711) -> 202607 | D711: =DATE(YEAR(D712),MONTH(D712)-1,1) -> 46204
C712: =YEAR(D712)*100+MONTH(D712) -> 202608 | D712: =DATE(YEAR(D713),MONTH(D713)-1,1) -> 46235
C713: =YEAR(D713)*100+MONTH(D713) -> 202609 | D713: 46266
C714: ... | D714: ...
C717: Month of selection | F717: MNTHSEL | G717: Household/ | H717: LFS | I717: Not applicable | J717: All
C718: 1 | D718: 1st month | G718: Dwelling
C719: 2 | D719: 2nd month
C720: 3 | D720: 3rd month
C721: 4 | D721: 4th month
C722: 5 | D722: 5th month
C723: 6 | D723: 6th month
C724: 7 | D724: 7th month
C725: 8 | D725: 8th month
C728: Number of responses | F728: NUMRESP | G728: Person | H728: LFS | I728: Not applicable | J728: All
C729: 1 | D729: 1 response
C730: 2 | D730: 2 responses
C731: 3 | D731: 3 responses
C732: 4 | D732: 4 responses
C733: 5 | D733: 5 responses
C734: 6 | D734: 6 responses
C735: 7 | D735: 7 responses
C736: 8 | D736: 8 responses
C739: Response number | F739: RESPNUM | G739: Person | H739: LFS | I739: Not applicable | J739: All
C740: 1 | D740: 1st response
C741: 2 | D741: 2nd response
C742: 3 | D742: 3rd response
...

Sheet Survey
A1: Australian Bureau of Statistics
A2: =Contents!A2 -> 6602.0 - Microdata: Longitudinal Labour Force, Australia
A3: =Contents!A3 -> Released at 11:30 am (Canberra time) Wed 21 October 2026
A4: Data Item List
B6: Survey
A8: Data item label and categories | E8: Identifier | F8: Level | G8: Survey | H8: Frequency | I8: Population
C10: Sample frame | E10: SAMPFRME | F10: Household/ | G10: LFS | H10: Not applicable | I10: All
C11: 1982 | D11: 1982 Sample (Census 1981) | F11: Dwelling
C12: 1987 | D12: 1987 Sample (Census 1986)
C13: 1992 | D13: 1992 Sample (Census 1991)
C14: 1997 | D14: 1997 Sample (Census 1996)
C15: 2002 | D15: 2002 Sample (Census 2001)
C16: 2007 | D16: 2007 Sample (Census 2006)
C17: 2012 | D17: 2012 Sample (Census 2011)
C18: 2017 | D18: 2017 Sample (Census 2016)
C19: 2022 | D19: 2022 Sample (Census 2021)
C22: Rotation group | E22: ROTGRP | F22: Household/ | G22: LFS | H22: Not applicable | I22: All
C23: 1 | D23: Rotation group 1 | F23: Dwelling
C24: 2 | D24: Rotation group 2
C25: 3 | D25: Rotation group 3
C26: 4 | D26: Rotation group 4
C27: 5 | D27: Rotation group 5
C28: 6 | D28: Rotation group 6
C29: 7 | D29: Rotation group 7
C30: 8 | D30: Rotation group 8
C33: Respondent detail | E33: RESPTYPE | F33: Person | G33: LFS | H33: Monthly | I33: All
C34: 01 | D34: Obtained from person him/herself | H34: Nov-1989 onwards
C35: 02 | D35: Obtained from other responsible adult
C37: 00 | D37: Not a private dwelling / Not available
C38: -1 | D38: Not available / Not collected
C41: Usual resident status | E41: URSTATUS | F41: Person | G41: LFS | H41: Monthly | I41: All
C42: 1 | D42: Usual resident of private dwelling
C43: 2 | D43: Visitor to private dwelling
C44: 3 | D44: Not a private dweliing | H44: Oct 1982 to Jun 2018
C47: Administrative data source | E47: SUBPSRCE | F47: Person | G47: LFS | H47: Monthly | I47: All
C48: 1 | D48: Residential aged care | H48: Aug-2016 onwards
C49: 2 | D49: Prisons
C50: 3 | D50: Census - Non-private dwellings
C51: 4 | D51: Census - Very remote
C53: 0 | D53: Survey data
C58: ="© Commonwealth of Australia "&YEAR(TODAY()) -> © Commonwealth of Australia 2026

Sheet Geography
A1: Australian Bureau of Statistics
A2: =Contents!A2 -> 6602.0 - Microdata: Longitudinal Labour Force, Australia
A3: =Contents!A3 -> Released at 11:30 am (Canberra time) Wed 21 October 2026
A4: Data Item List
B6: Geography
A8: Data item label and categories | E8: Identifier | F8: Level | G8: Survey | H8: Frequency | I8: Population
C10: Australian Statistical Geography Standard
C12: State or territory of selection | E12: STATESEL | F12: Household/ | G12: LFS | H12: Not applicable | I12: All
C13: 1 | D13: NSW | F13: Dwelling
C14: 2 | D14: Vic
C15: 3 | D15: Qld
C16: 4 | D16: SA
C17: 5 | D17: WA
C18: 6 | D18: Tas
C19: 7 | D19: NT
C20: 8 | D20: ACT
C23: State or territory of usual residence (ASGS) | E23: STATEUR | F23: Person | G23: LFS | H23: Monthly | I23: All
C24: 1 | D24: NSW
C25: 2 | D25: Vic
C26: 3 | D26: Qld
C27: 4 | D27: SA
C28: 5 | D28: WA
C29: 6 | D29: Tas
C30: 7 | D30: NT
C31: 8 | D31: ACT
C34: Area (ASGS) of usual residence | E34: AREAUR | F34: Person | G34: LFS | H34: Monthly | I34: All
C35: 1 | D35: Capital city
C36: 2 | D36: Balance of state or territory
C39: Greater Capital City Statistical Area (ASGS) of usual residence | E39: GCCSA | F39: Person | G39: LFS | H39: Monthly | I39: All
C40: 00 | D40: Not available | H40: April 1998 onwards
C41: 11 | D41: Greater Sydney
C42: 19 | D42: Rest of NSW
C43: 21 | D43: Greater Melbourne
C44: 29 | D44: Rest of Vic
C45: 31 | D45: Greater Brisbane
C46: 39 | D46: Rest of Qld
C47: 41 | D47: Greater Adelaide
C48: 49 | D48: Rest of SA
C49: 51 | D49: Greater Perth
C50: 59 | D50: Rest of WA
C51: 61 | D51: Greater Hobart
C52: 69 | D52: Rest of Tas
... C55: 81 | D55: Greater Canberra
C58: Labour market region (ASGS, SA4) of usual residence | E58: REGNASGS | F58: Person | G58: LFS | H58: Monthly | I58: All
C59: 000 | D59: Not available | H59: April 1998 onwards
D60: New South Wales
D61: Greater Sydney
C62: 102 | D62: Central Coast
C63: 115 | D63: Sydney - Baulkham Hills and Hawkesbury
C64: 116 | D64: Sydney - Blacktown
C65: 117 | D65: Sydney - City and Inner South
C66: 118 | D66: Sydney - Eastern Suburbs
C67: 119 | D67: Sydney - Inner South West
C68: 120 | D68: Sydney - Inner West
C69: 121 | D69: Sydney - North Sydney and Hornsby
C70: 122 | D70: Sydney - Northern Beaches
C71: 123 | D71: Sydney - Outer South West
C72: 124 | D72: Sydney - Outer West and Blue Mountains
C73: 125 | D73: Sydney - Parramatta
... C76: 128 | D76: Sydney - Sutherland
D77: Rest of New South Wales
C78: 101 | D78: Capital Region
C79: 103 | D79: New South Wales - Central West
C80: 104 | D80: Coffs Harbour - Grafton
C81: 105 | D81: Far West and Orana
C82: 106 | D82: Hunter Valley exc Newcastle
C83: 107 | D83: Illawarra
C84: 108 | D84: Mid North Coast
C85: 109 | D85: Murray
C86: 110 | D86: New England and North West
C87: 111 | D87: Newcastle and Lake Macquarie
C88: 112 | D88: Richmond - Tweed
C89: 113 | D89: Riverina
C90: 114 | D90: Southern Highlands and Shoalhaven
D91: Victoria
D92: Greater Melbourne
C93: 206 | D93: Melbourne - Inner
C94: 207 | D94: Melbourne - Inner East
C95: 208 | D95: Melbourne - Inner South
C96: 209 | D96: Melbourne - North East
C97: 210 | D97: Melbourne - North West
C98: 211 | D98: Melbourne - Outer East
C99: 212 | D99: Melbourne - South East
C100: 213 | D100: Melbourne - West
C101: 214 | D101: Mornington Peninsula
D102: Rest of Victoria
C103: 201 | D103: Ballarat
C104: 202 | D104: Bendigo
C105: 203 | D105: Geelong
C106: 204 | D106: Hume
C107: 205 | D107: Latrobe - Gippsland
C108: 215 | D108: Victoria - North West
C109: 216 | D109: Shepparton
C110: 217 | D110: Warrnambool and South West
D111: Queensland
D112: Greater Brisbane
C113: 301 | D113: Brisbane - East
C114: 302 | D114: Brisbane - North
C115: 303 | D115: Brisbane - South
C116: 304 | D116: Brisbane - West
...

Sheet Demography
A1: Australian Bureau of Statistics
A2: =Contents!A2 -> 6602.0 - Microdata: Longitudinal Labour Force, Australia
A3: =Contents!A3 -> Released at 11:30 am (Canberra time) Wed 21 October 2026
A4: Data Item List
B6: Demography
A8: Data item label and categories | E8: Identifier | F8: Level | G8: Survey | H8: Frequency | I8: Population
C10: Sex | E10: SEX | F10: Person | G10: LFS | H10: Not applicable | I10: All
C11: 1 | D11: Male
C12: 2 | D12: Female
C15: Age | E15: AGE | F15: Person | G15: LFS | H15: Monthly | I15: All
C16: 15 | D16: 15 years
C17: 16 | D17: 16 years
C18: 17 | D18: 17 years
C19: ... | D19: ...
C20: 24 | D20: 24 years
C21: 25 | D21: 25 years
C22: 26 | D22: 26 years
C23: ... | D23: ...
C24: 98 | D24: 98 years
C25: 99 | D25: 99 years
C26: 99.1 | D26: 99 years and over | H26: (Oct 1982 to Jun 2014)
C27: 100 | D27: 100 years
C28: 101 | D28: 101 years
C29: ... | D29: ...
C30: 118 | D30: 118 years
C31: 119 | D31: 119 years
C32: 120 | D32: 120 years and over
C35: Year of birth | E35: YRBIRTH | F35: Person | G35: LFS | H35: Not applicable | I35: All
C36: 1880 | D36: Born 1880
C37: 1881 | D37: Born 1881
C38: 1882 | D38: Born 1882
C39: ... | D39: ...
C40: 2008 | D40: Born 2008
C41: 2009 | D41: Born 2009
C42: 2010 | D42: Born 2010
C45: Sub-continent of birth (SACC 2016 Major Country Group) | E45: COBMCG | F45: Person | G45: LFS | H45: Not applicable | I45: Born overseas
C46: 1100 | D46: Australia (incl. External Territories)
D47: Born overseas
C48: 1000 | D48: Oceania and Antarctica (excl. Australia)
C49: 2000 | D49: North-West Europe
C50: 3000 | D50: Southern and Eastern Europe
C51: 4000 | D51: North Africa and the Middle East
C52: 5000 | D52: South-East Asia
C53: 6000 | D53: North-East Asia
C54: 7000 | D54: Southern and Central Asia
C55: 8000 | D55: Americas
C56: 9000 | D56: Sub-Saharan Africa
C58: 0000 | D58: Inadequately Described / Born at Sea
C59: 0003 | D59: Not stated / Not collected
C62: Country of birth (SACC 2016) | E62: COBRC | F62: Person | G62: LFS | H62: Not applicable | I62: Born overseas
D63: Born in Australia
C64: 1100 | D64: Australia (includes External Territories), nfd
C65: 1101 | D65: Australia
C66: 1102 | D66: Norfolk Island
C67: 1199 | D67: Australian External Territories, nec
D68: Born overseas
D69: Oceania and Antarctica (excl. Australia)
C70: 1000 | D70: Oceania and Antarctica, nfd
C71: 1201 | D71: New Zealand
C72: 1300 | D72: Melanesia, nfd
C73: 1301 | D73: New Caledonia
C74: 1302 | D74: Papua New Guinea
C75: 1303 | D75: Solomon Islands
C76: 1304 | D76: Vanuatu
C77: 1399 | D77: Melanesia, nec
C78: 1400 | D78: Micronesia, nfd
C79: 1401 | D79: Guam
C80: 1402 | D80: Kiribati
C81: 1403 | D81: Marshall Islands
... C108: 1699 | D108: Antarctica, nec
D109: North-West Europe
C110: 0922 | D110: Channel Islands, nfd
C111: 0923 | D111: United Kingdom, nfd (code retired)
C112: 2000 | D112: North-West Europe, nfd
C113: 2100 | D113: United Kingdom, Channels Islands and Isle of Man, nfd
C114: 2101 | D114: Channel Islands (code retired)
C115: 2102 | D115: England
C116: 2103 | D116: Isle of Man
C117: 2104 | D117: Northern Ireland
C118: 2105 | D118: Scotland
C119: 2106 | D119: Wales
C120: 2107 | D120: Guernsey
C121: 2108 | D121: Jersey
... C144: 2499 | D144: Northern Europe, nec
D145: Southern and Eastern Europe
C146: 0913 | D146: Former Yugoslavia, nfd
C147: 0914 | D147: Czechoslovakia, nfd
C148: 0921 | D148: Serbia and Montenegro, nfd
C149: 3000 | D149: Southern and Eastern Europe, nfd
C150: 3100 | D150: Southern Europe, nfd
C151: 3101 | D151: Andorra
C152: 3102 | D152: Gibraltar
C153: 3103 | D153: Holy See
C154: 3104 | D154: Italy
C155: 3105 | D155: Malta
C156: 3106 | D156: Portugal
C157: 3107 | D157: San Marino
... C187: 3399 | D187: Eastern Europe, nec
D188: North Africa and the Middle East
C189: 0915 | D189: Kurdistan, nfd
...

Sheet Household and Family
A1: Australian Bureau of Statistics
A2: =Contents!A2 -> 6602.0 - Microdata: Longitudinal Labour Force, Australia
A3: =Contents!A3 -> Released at 11:30 am (Canberra time) Wed 21 October 2026
A4: Data Item List
B6: Household and Family
A8: Data item label and categories | E8: Identifier | F8: Level | G8: Survey | H8: Frequency | I8: Population
C10: Person level characteristics
C12: Social marital status | E12: SOCMAR | F12: Person | G12: LFS | H12: Monthly | I12: All
C13: 0 | D13: Not available
C14: 1 | D14: Married | H14: Temporarily excludes Jul-14 to Jun-18
C15: 2 | D15: Not married
C18: Relationship in household | E18: LFSFREL | F18: Person | G18: LFS | H18: Monthly | I18: All
C19: 000 | D19: Not available | H19: Jul 1983 to Mar 2026
D20: Family members | H20: Temporarily excludes Jul-14 to Jun-18
D21: Heads of couple families
C22: 010 | D22: Husband, wife or partner with child under 15
C23: 015 | D23: Husband, wife or partner with no children under 15 nfd | H23: (Jul 1983 to Mar 1986)
C24: 020 | D24: Husband, wife or partner with no children under 15, with dependent student
C25: 030 | D25: Husband, wife or partner with no dependent children, with other child 15 or older
C26: 040 | D26: Husband, wife or partner with no children
C27: 050 | D27: Same-sex partner with child under 15
C28: 060 | D28: Same-sex partner with no children under 15, with dependent student
C29: 070 | D29: Same-sex partner with no dependent children, with other child 15 or older
C30: 080 | D30: Same-sex partner with no children
D31: Heads of lone parent families
C32: 090 | D32: Lone parent with children under 15
C33: 095 | D33: Lone parent with no children under 15 nfd | H33: (Jul 1983 to Mar 1986)
C34: 100 | D34: Lone parent with no children under 15, with dependent student
C35: 110 | D35: Lone parent with no dependent children, with other child 15 or over
D36: Children aged 15 years and over
C37: 120 | D37: Dependent student (aged 15 to 24 years)
C38: 125 | D38: Child aged 15 years and over nfd | H38: (Jul 1983 to Mar 1986)
C39: 130 | D39: Non-dependent child
D40: Other relatives
C41: 140 | D41: Other family head
C42: 150 | D42: Other relative aged 15-24 attending full-time education
C43: 155 | D43: Other relative aged 15 or older nfd | H43: (Jul 1983 to Mar 1986)
C44: 160 | D44: Other relative aged 15 or older not attending full-time education
D45: Not in a family
C46: 170 | D46: Non-family member living with non-relatives
C47: 180 | D47: Person living alone
D48: Relationship not determined
C49: 190 | D49: Relationship not determined (scope/coverage exclusion)
C50: 200 | D50: Relationship not determined (visitor)
C51: 210 | D51: Relationship not determined (non-private dwelling)
C54: Household/Dwelling level characteristics
C56: Number of families in household | E56: NUMFAMH | F56: Household/ | G56: LFS | H56: Monthly | I56: All
C57: 00 | D57: No families | F57: Dwelling | H57: Jul 1983 to Mar 2026
C58: 01 | D58: 1 family
C59: 02 | D59: 2 families | H59: Temporarily excludes Jul-14 to Jun-18
C60: 03 | D60: 3 families
C61: 04 | D61: 4 families
C62: 05 | D62: 5 families
C64: -8 | D64: Not a private dwelling / Not applicable
C65: -9 | D65: Not available / Not collected
C68: Number of people in household (aged 15 years and over) | E68: NPER15H | F68: Household/ | G68: LFS | H68: Monthly | I68: All
C69: 01 | D69: 1 person | F69: Dwelling | H69: Jul 1983 to Mar 2026
C70: 02 | D70: 2 people | I70: Includes visitors
C71: 03 | D71: 3 people
C72: ... | D72: ...
C73: 33 | D73: 33 people
C74: 34 | D74: 34 people
C76: -8 | D76: Not a private dwelling / Not applicable
C79: Number of children in household (aged 0 to 14 years) | E79: NKID14H | F79: Household/ | G79: LFS | H79: Monthly | I79: All
C80: 00 | D80: No children | F80: Dwelling | H80: Jul 1983 to Mar 2026
C81: 01 | D81: 1 child
C82: 02 | D82: 2 children
C83: 03 | D83: 3 children
C84: ... | D84: ...
C85: 12 | D85: 12 children
C86: 13 | D86: 13 children
C87: 14 | D87: 14 children
C89: -8 | D89: Not a private dwelling / Not applicable
C90: -9 | D90: Not available / Not collected
C93: Number of children in household (aged 0 to 4 years) | E93: NKID04H | F93: Household/ | G93: LFS | H93: Monthly | I93: All
C94: 00 | D94: No children | F94: Dwelling | H94: Aug 2004 to Mar 2026
C95: 01 | D95: 1 child
C96: 02 | D96: 2 children
C97: 03 | D97: 3 children
C98: 04 | D98: 4 children
C99: 05 | D99: 5 children
C100: 06 | D100: 6 children
C101: 07 | D101: 7 children
C103: -8 | D103: Not a private dwelling / Not applicable
C104: -9 | D104: Not available / Not collected
C107: Age of youngest child in household (aged 0 to 14 years) | E107: AGYNG14H | F107: Household/ | G107: LFS | H107: Monthly | I107: All
C108: 00 | D108: 0 years | F108: Dwelling | H108: Aug 2004 to Mar 2026
C109: 01 | D109: 1 year
C110: 02 | D110: 2 years
C111: 03 | D111: 3 years
C112: ... | D112: ...
C113: 12 | D113: 12 years
C114: 13 | D114: 13 years
C115: 14 | D115: 14 years
C117: -1 | D117: No children
C118: -8 | D118: Not a private dwelling / Not applicable
C119: -9 | D119: Not available / Not collected
C122: Family level characteristics
C124: Family number | E124: FAMNUM | F124: Family | G124: LFS | H124: Monthly | I124: Family members
C125: 01 | D125: Family 1 | H125: Jul 1983 to Mar 2026
...

Sheet Education and Qualifications
A1: Australian Bureau of Statistics
A2: =Contents!A2 -> 6602.0 - Microdata: Longitudinal Labour Force, Australia
A3: =Contents!A3 -> Released at 11:30 am (Canberra time) Wed 21 October 2026
A4: Data Item List
B6: Education and Qualifications
A8: Data item label and categories | E8: Identifier | F8: Level | G8: Survey | H8: Frequency | I8: Population
C10: Educational attendance (full-time, aged 15 to 24 years) | E10: EDUCSTAT | F10: Person | G10: LFS | H10: Monthly | I10: Aged 15 to 24 years
C11: 01 | D11: Aged 15-19 years and not attending full-time education (including institutionalised) | H11: Apr 1986 to Mar 2026
C12: 02 | D12: Aged 15-19 years and attending tertiary educational institution full-time
C13: 03 | D13: Aged 15-19 years and attending school (including boarding school pupils)
C14: 04 | D14: Aged 20-24 years and not attending full-time education
C15: 05 | D15: Aged 20-24 years and attending tertiary educational institution full-time
C16: 06 | D16: Aged 20 years and attending school (including boarding school pupils)
C18: 00 | D18: Aged 25 years and over / Not applicable
C19: -1 | D19: Not available / Not collected
C22: Year left school (aged 15 to 19 years) | E22: YRSCHOOL | F22: Person | G22: LFS | H22: Monthly | I22: Aged 15 to 19 years
C23: 0000 | D23: Attending school
C24: 1975 | D24: Left school 1975
C25: 1976 | D25: Left school 1976
C26: 1977 | D26: Left school 1977
C27: ... | D27: ...
C28: 2024 | D28: Left school 2024
C29: 2025 | D29: Left school 2025
C30: 2026 | D30: Left school 2026
C32: -001 | D32: Institutionalised (excluding boarding schools)
C33: -020 | D33: Aged 20 years and over / Not applicable
C34: -099 | D34: Not available / Not collected
C37: Highest year of school completed | E37: HIGHYEAR | F37: Person | G37: LFS | H37: Monthly | I37: All
D38: Completed Year 12 | H38: Aug 2015 to Mar 2026
C39: 611 | D39: Year 12 or equivalent | G39: SEW | H39: Annual | I39: 7 of 8 rotation groups (varies)
D40: Did not complete Year 12 | H40: May 1992 to May 2015 | I40: Aged 15 to 74 years (varies)
C41: 600 | D41: Secondary education nfd | H41: (May 2002 to May 2004)
C42: 601 | D42: Year 11 or below nfd | H42: (May 1992 to May 2000) | I42: More highest year of school completed data planned for a future update
C43: 613 | D43: Year 11 or equivalent
C44: 621 | D44: Year 10 or equivalent
C45: 602 | D45: Year 9 or below nfd | H45: (May 1992 to May 2000)
C46: 622 | D46: Year 9 or equivalent | H46: (May 2001 onwards)
C47: 623 | D47: Year 8 or below | H47: (May 2001 onwards)
C48: 998 | D48: Never attended school / No educational attainment
C50: 011 | D50: Level not determined
C51: -01 | D51: Not available / Not collected
C54: Educational attendance (detailed) | E54: EDUCATT | F54: Person | G54: LFS | H54: Monthly | I54: All
C55: 01 | D55: Neither attending school nor tertiary educational institution | H55: Aug 2015 to Mar 2026
C56: 02 | D56: Attending tertiary educational institution full-time | I56: More educational attendance data planned for a future update
C57: 03 | D57: Attending tertiary educational institution part-time
C58: 04 | D58: Not attending school, with unknown tertiary status (Dec, Jan, Feb only)
C59: 05 | D59: Attending school (aged 15-19 years)
C60: 06 | D60: Attending both school and tertiary educational institution full-time (aged 15-19 years)
C61: 07 | D61: Attending both school and tertiary educational institution part-time (aged 15-19 years)
C63: 00 | D63: Aged 25 years and over / Not applicable
C64: -1 | D64: Not available / Not collected
C67: Level of highest educational attainment (ASCED 2001) | E67: HIQ01LVL | F67: Person | G67: LFS | H67: Monthly | I67: All
D68: Postgraduate Degree | H68: Aug 2015 to Mar 2026
C69: 100 | D69: Postgraduate Degree Level nfd | G69: SEW | H69: Annual | I69: 7 of 8 rotation groups (varies)
C70: 110 | D70: Doctoral Degree Level nfd | H70: May 2001 to May 2015 | I70: Aged 15 to 74 years (varies)
C71: 111 | D71: Higher Doctorate
C72: 112 | D72: Doctorate by Research | I72: More highest educational attainment data planned for a future update
C73: 113 | D73: Doctorate by Coursework
C74: 114 | D74: Professional Specialist Qualification at Doctoral Degree Level
C75: 120 | D75: Master Degree Level nfd
C76: 121 | D76: Master Degree by Research
C77: 122 | D77: Master Degree by Coursework
C78: 123 | D78: Professional Specialist Qualification at Master Degree Level
D79: Graduate Diploma / Graduate Certificate
C80: 200 | D80: Graduate Diploma and Graduate Certificate Level nfd
C81: 210 | D81: Graduate Diploma Level nfd
C82: 211 | D82: Graduate Diploma
C83: 212 | D83: Graduate Qualifying or Preliminary
C84: 213 | D84: Professional Specialist Qualification at Graduate Diploma Level
C85: 220 | D85: Graduate Certificate Level nfd
C86: 221 | D86: Graduate Certificate
C87: 222 | D87: Professional Specialist Qualification at Graduate Certificate Level
D88: Bachelor Degree
C89: 300 | D89: Bachelor Degree Level nfd
C90: 310 | D90: Bachelor Degree Level nfd
C91: 311 | D91: Bachelor (Honours) Degree
C92: 312 | D92: Bachelor (Pass) Degree
D93: Advanced Diploma / Diploma
C94: 400 | D94: Advanced Diploma and Diploma Level nfd
C95: 410 | D95: Advanced Diploma and Associate Degree Level nfd
C96: 411 | D96: Advanced Diploma
C97: 413 | D97: Associate Degree
C98: 420 | D98: Diploma Level nfd
C99: 421 | D99: Diploma
D100: Certificate III / IV
C101: 510 | D101: Certificate III & IV Level nfd
C102: 511 | D102: Certificate IV
C103: 514 | D103: Certificate III
D104: Year 12 or equivalent
C105: 611 | D105: Year 12 or equivalent
D106: Year 11 or equivalent
C107: 613 | D107: Year 11 or equivalent
D108: Year 10 or equivalent
C109: 621 | D109: Year 10 or equivalent
D110: Below Year 10
C111: 520 | D111: Certificate I & II Level nfd
C112: 521 | D112: Certificate II
C113: 524 | D113: Certificate I
C114: 622 | D114: Year 9 or equivalent
C115: 623 | D115: Year 8 or below
...

Sheet Employment
A1: Australian Bureau of Statistics
A2: =Contents!A2 -> 6602.0 - Microdata: Longitudinal Labour Force, Australia
A3: =Contents!A3 -> Released at 11:30 am (Canberra time) Wed 21 October 2026
A4: Data Item List
B6: Employment
A8: Data item label and categories | E8: Identifier | F8: Level | G8: Survey | H8: Frequency | I8: Population
C10: Labour force status | E10: LFSTATUS | F10: Person | G10: LFS | H10: Monthly | I10: All
C11: 1 | D11: Employed
C12: 2 | D12: Unemployed
C13: 3 | D13: Not in the Labour Force (NILF)
C16: Full-time or part-time status of employment | E16: FTPTEMP | F16: Person | G16: LFS | H16: Monthly | I16: Employed
C17: 1 | D17: Full-time
C18: 2 | D18: Part-time
C20: 0 | D20: Not employed / Not applicable
C23: Status in employment of main job (or last job) | E23: STATEMP | F23: Person | G23: LFS | H23: Monthly | I23: Employed
C24: 10 | D24: Employee, nfd | I24: Unemployed (Jan 1991 to Mar 2001)
C25: 11 | D25: Employee with paid leave entitlements | H25: (Quarterly from Aug-14 to Feb-26)
H27: (Monthly from Apr-26 onwards)
C28: 12 | D28: Employee without paid leave entitlements | H28: (Quarterly from Aug-14 to Feb-26)
H30: (Monthly from Apr-26 onwards)
C31: 21 | D31: Owner manager of incorporated enterprises with employees | I31: Leave entitements prior to 2014 planned for a future update
C32: 22 | D32: Owner manager of incorporated enterprises without employees
C33: 31 | D33: Owner manager of unincorporated enterprises with employees
C34: 32 | D34: Owner manager of unincorporated enterprises without employees
C35: 40 | D35: Contributing family worker | I35: Status in last job prior to 1991 planned for a future update
C36: 50 | D36: Unpaid volunteer helper (status of last job only) | H36: (Jan 1991 to Mar 2001)
C38: 00 | D38: Not employed / Not applicable
C41: Multiple job holders | E41: MULTJOB | F41: Person | G41: LFS | H41: Monthly | I41: Employed
D42: Single job holder
C43: 11 | D43: One job last week
C44: 12 | D44: Changed jobs last week
D45: Multiple job holder
C46: 20 | D46: Multiple job holder, nfd | H46: (Oct 1982 to Jun 2014)
C47: 21 | D47: Two jobs last week | H47: (Jul 2014 onwards)
C48: 22 | D48: Three jobs last week | H48: (Jul 2014 onwards)
C49: 23 | D49: Four or more jobs last week | H49: (Jul 2014 onwards)
C51: 00 | D51: Not employed / Not applicable
C54: Whether worked on Monday last week | E54: WORKMON | F54: Person | G54: LFS | H54: Monthly | I54: Employed
C55: 01 | D55: Worked on Monday | H55: Apr 2001 onwards
C56: 02 | D56: Did not work on Monday
C58: 00 | D58: Not employed / Not applicable
C59: -1 | D59: Not available / Not collected
C62: Whether worked on Tuesday last week | E62: WORKTUE | F62: Person | G62: LFS | H62: Monthly | I62: Employed
C63: 01 | D63: Worked on Tuesday | H63: Apr 2001 onwards
C64: 02 | D64: Did not work on Tuesday
C66: 00 | D66: Not employed / Not applicable
C67: -1 | D67: Not available / Not collected
C70: Whether worked on Wednesday last week | E70: WORKWED | F70: Person | G70: LFS | H70: Monthly | I70: Employed
C71: 01 | D71: Worked on Wednesday | H71: Apr 2001 onwards
C72: 02 | D72: Did not work on Wednesday
C74: 00 | D74: Not employed / Not applicable
C75: -1 | D75: Not available / Not collected
C78: Whether worked on Thursday last week | E78: WORKTHU | F78: Person | G78: LFS | H78: Monthly | I78: Employed
C79: 01 | D79: Worked on Thursday | H79: Apr 2001 onwards
C80: 02 | D80: Did not work on Thursday
C82: 00 | D82: Not employed / Not applicable
C83: -1 | D83: Not available / Not collected
C86: Whether worked on Friday last week | E86: WORKFRI | F86: Person | G86: LFS | H86: Monthly | I86: Employed
C87: 01 | D87: Worked on Friday | H87: Apr 2001 onwards
C88: 02 | D88: Did not work on Friday
C90: 00 | D90: Not employed / Not applicable
C91: -1 | D91: Not available / Not collected
C94: Whether worked on Saturday last week | E94: WORKSAT | F94: Person | G94: LFS | H94: Monthly | I94: Employed
C95: 01 | D95: Worked on Saturday | H95: Apr 2001 onwards
C96: 02 | D96: Did not work on Saturday
C98: 00 | D98: Not employed / Not applicable
C99: -1 | D99: Not available / Not collected
C102: Whether worked on Sunday last week | E102: WORKSUN | F102: Person | G102: LFS | H102: Monthly | I102: Employed
C103: 01 | D103: Worked on Sunday | H103: Apr 2001 onwards
C104: 02 | D104: Did not work on Sunday
C106: 00 | D106: Not employed / Not applicable
C107: -1 | D107: Not available / Not collected
C110: Job tenure (less than 12 months) | E110: TENURMTH | F110: Person | G110: LFS | H110: Quarterly | I110: Employed
C111: 01 | D111: 1 month | H111: May 2001 to Feb 2026
C112: 02 | D112: 2 months | I112: Job tenure prior to 2001 planned for a future update
C113: 03 | D113: 3 months
C114: 04 | D114: 4 months
C115: 05 | D115: 5 months
C116: 06 | D116: 6 months
C117: 07 | D117: 7 months
C118: 08 | D118: 8 months
C119: 09 | D119: 9 months
C120: 10 | D120: 10 months
C121: 11 | D121: 11 months
C122: 12 | D122: 12 months or more
C124: 00 | D124: Not employed / Not available
C125: -1 | D125: Not available / Not collected
C128: Job tenure (more than 12 months) | E128: TENUREYR | F128: Person | G128: LFS | H128: Quarterly | I128: Employed
C129: 0.08 | D129: 1 month | H129: Aug 2014 to Feb 2026
C130: 0.17 | D130: 2 months | I130: Job tenure prior to 2014 planned for a future update
C131: 0.25 | D131: 3 months
C132: 0.33 | D132: 4 months
C133: 0.42 | D133: 5 months
C134: 0.50 | D134: 6 months
C135: 0.58 | D135: 7 months
C136: 0.67 | D136: 8 months
C137: 0.75 | D137: 9 months
C138: 0.83 | D138: 10 months
C139: 0.92 | D139: 11 months
C140: 0001 | D140: 1 year
...

Sheet Hours
A1: Australian Bureau of Statistics
A2: =Contents!A2 -> 6602.0 - Microdata: Longitudinal Labour Force, Australia
A3: =Contents!A3 -> Released at 11:30 am (Canberra time) Wed 21 October 2026
A4: Data Item List
B6: Hours
A8: Data item label and categories | E8: Identifier | F8: Level | G8: Survey | H8: Frequency | I8: Population
C10: Whether actually worked full-time or part-time hours in all jobs last week | E10: ACTFTPT | F10: Person | G10: LFS | H10: Monthly | I10: Employed
C11: 1 | D11: Actually worked 35 hours or more (full-time) last week
C12: 2 | D12: Actually worked fewer than 35 hours (part-time) last week
C14: 0 | D14: Not employed / Not applicable
C17: Hours actually worked in all jobs last week | E17: HRSWORK | F17: Person | G17: LFS | H17: Monthly | I17: Employed
C18: 00.0 | D18: Did not work (0 hours)
C19: 01.0 | D19: 1 hour
C20: 02.0 | D20: 2 hours
C21: 03.0 | D21: 3 hours
C22: ... | D22: ...
C23: 97.0 | D23: 97 hours | H23: (Apr 1986 onwards)
C24: 97.1 | D24: 97 hours or more | H24: (Oct 1982 to Mar 1986)
C25: 98.0 | D25: 98 hours | H25: (Apr 2001 onwards)
C26: 98.1 | D26: 98 hours or more | H26: (Apr 1986 to Mar 2001)
C27: 99.0 | D27: 99 hours or more | H27: (Apr 2001 onwards)
C29: -1.0 | D29: Not employed / Not applicable
C32: Whether usually works full-time or part-time hours in all jobs | E32: USLFTPT | F32: Person | G32: LFS | H32: Monthly | I32: Employed
C33: 1 | D33: Usually works 35 hours or more (full-time)
C34: 2 | D34: Usually works fewer than 35 hours (part-time)
C36: 0 | D36: Not employed / Not applicable
C39: Hours usually worked in all jobs | E39: HRUWAJ | F39: Person | G39: LFS | H39: Monthly | I39: Employed
C40: 000.0 | D40: Usually doesn't work (0 hours) | H40: Apr 2001 onwards
C41: 001.0 | D41: 1 hour
C42: 002.0 | D42: 2 hours
C43: 003.0 | D43: 3 hours
C44: ... | D44: ...
C45: 097.0 | D45: 97 hours
C46: 098.0 | D46: 98 hours
C47: 099.0 | D47: 99 hours | H47: (Jul 2014 onwards)
C48: 099.1 | D48: 99 hours or more | H48: (Apr 2001 to Jun 2014)
C49: 100.0 | D49: 100 hours | H49: (Jul 2014 onwards)
C50: 101.0 | D50: 101 hours | H50: (Jul 2014 onwards)
C51: ... | D51: ... | H51: (Jul 2014 onwards)
C52: 167.0 | D52: 167 hours | H52: (Jul 2014 onwards)
C53: 168.0 | D53: 168 hours | H53: (Jul 2014 onwards)
C55: -1.0 | D55: Not employed / Not applicable
C58: Hours actually worked in main job last week | E58: HRAWMJ | F58: Person | G58: LFS | H58: Monthly | I58: Employed
C59: 00 | D59: Did not work in main job (0 hours) | H59: Apr 2001 onwards
C60: 01 | D60: 1 hour
C61: 02 | D61: 2 hours
C62: 03 | D62: 3 hours
C63: ... | D63: ...
C64: 97 | D64: 97 hours
C65: 98 | D65: 98 hours
C66: 99 | D66: 99 hours or more
C68: -1 | D68: Not employed / Not applicable
C71: Hours usually worked in main job | E71: HRUWMJ | F71: Person | G71: LFS | H71: Monthly | I71: Employed
C72: 000 | D72: Usually doesn't work in main job (0 hours) | H72: Jul 2014 onwards
C73: 001 | D73: 1 hour
C74: 002 | D74: 2 hours
C75: 003 | D75: 3 hours
C76: ... | D76: ...
C77: 166 | D77: 166 hours
C78: 167 | D78: 167 hours
C79: 168 | D79: 168 hours
C81: -01 | D81: Not employed / Not applicable
C86: ="© Commonwealth of Australia "&YEAR(TODAY()) -> © Commonwealth of Australia 2026

Sheet Underutilisation
A1: Australian Bureau of Statistics
A2: =Contents!A2 -> 6602.0 - Microdata: Longitudinal Labour Force, Australia
A3: =Contents!A3 -> Released at 11:30 am (Canberra time) Wed 21 October 2026
A4: Data Item List
B6: Underutilisation
A8: Data item label and categories | E8: Identifier | F8: Level | G8: Survey | H8: Frequency | I8: Population
C10: Underutilisation (current definition)
C12: Underemployment status | E12: UNDREMP | F12: Person | G12: LFS | H12: Monthly | I12: Employed
C13: 01 | D13: Underemployed full-time workers who worked part-time for economic reasons | H13: Oct 1982 to Mar 2001
C14: 02 | D14: Underemployed part-time workers who prefer (and are available) for more hours | H14: Quarterly | I14: Additional data from UEW planned for a future update
H15: May 2001 to May 2014
C16: 00 | D16: Not underemployed / Not applicable | H16: Monthly
C17: -1 | D17: Not available / Not collected | H17: Jul 2014 onwards
H19: Availability criteria applied Feb 2003 onwards
C23: Reason why full-time workers worked part-time hours | E23: REASLTFT | F23: Person | G23: LFS | H23: Monthly | I23: Full-time workers who worked less than 35 hours last week
C24: 1 | D24: Own illness or injury, sick leave
C25: 2 | D25: Holiday, flextime, study, personal reasons
C26: 3 | D26: Began, left or lost job during the week
C27: 4 | D27: On strike, locked out, industrial dispute
C28: 5 | D28: Bad weather, plant breakdown
C29: 6 | D29: Stood down, on short time, insufficient work (Underemployed)
C30: 7 | D30: Standard work arrangements, shift work, RDO (Rostered Day Off)
C31: 8 | D31: Worked less than 35 hours for other reasons
C33: 0 | D33: Did not work less than 35 hours / Usually part-time / Not applicable
C36: Whether part-time workers preferred more hours | E36: MOREHRPT | F36: Person | G36: LFS | H36: Monthly | I36: Part-time workers
C37: 1 | D37: Preferred more hours / Unemployed | H37: Oct 1982 to Mar 2001 | I37: Unemployed
C38: 2 | D38: Did not prefer more hours / NILF | H38: Quarterly
H39: May 2001 to May 2014
C40: 0 | D40: Not available / Not collected | H40: Monthly
H41: Jul 2014 onwards
C44: Whether part-time workers preferred full-time or part-time hours | E44: PREFFTPT | F44: Person | G44: LFS | H44: Monthly | I44: Part-time workers
C45: 1 | D45: Preferred to work full-time | H45: Oct 1982 to Mar 2001 | I45: Unemployed
C46: 2 | D46: Preferred to work part-time | H46: Quarterly
H47: May 2001 to May 2014
H48: Monthly
H49: Jul 2014 onwards
C51: 3 | D51: Prefer more hours, nfd / No preference | H51: (Jul 2014 to Mar 2026)
C52: 4 | D52: Did not prefer more hours / NILF
C54: 0 | D54: Not available / Not collected
C58: Number of hours preferred (total hours) | E58: PREFHRPT | F58: Person | G58: LFS | H58: Monthly | I58: Part-time workers
C59: 001 | D59: 1 hour | H59: Jul 2014 onwards | I59: Unemployed
C60: 002 | D60: 2 hours
C61: 003 | D61: 3 hours
C62: ... | D62: ...
C63: 166 | D63: 166 hours
C64: 167 | D64: 167 hours
C65: 168 | D65: 168 hours
C67: -01 | D67: Did not prefer more hours / NILF
C68: -10 | D68: Not available / Not collected
C71: Underutilisation (expanded definition)
C73: Underemployment status | E73: UNDREMEX | F73: Person | G73: LFS | H73: Monthly | I73: Employed
D74: Underemployed full-time workers | H74: (Jul 2014 to Mar 2026)
C75: 11 | D75: Underemployed full-time workers who worked less than usual hours for economic reasons and prefer and are available for more hours
C76: 12 | D76: Underemployed full-time workers who worked less than usual hours for economic reasons
C77: 13 | D77: Underemployed full-time workers who prefer and are available for more hours
D78: Underemployed part-time workers
C79: 21 | D79: Underemployed part-time workers who worked less than usual hours for economic reasons and prefer and are available for more hours
C80: 22 | D80: Underemployed part-time workers who worked less than usual hours for economic reasons
C81: 23 | D81: Underemployed part-time workers who prefer and are available for more hours
C83: 00 | D83: Not underemployed / Not applicable
C84: -1 | D84: Not available / Not collected
C89: Reason why worked less than usual hours | E89: REASLTUH | F89: Person | G89: LFS | H89: Monthly | I89: Workers who worked less than usual hours last week
C90: 10 | D90: Annual leave, holidays, flextime, or long service leave | H90: Jul 2014 to Mar 2026
C91: 11 | D91: Own illness or injury or sick leave
C92: 12 | D92: Standard work arrangements or shift work
C93: 13 | D93: Personal reasons, study, caring for sick or injured family
C94: 14 | D94: Maternity / Paternity leave
C95: 15 | D95: Paternity leave | H95: (Jul 2014 to Jun 2022) | I95: 'Paternity leave' now coded to '14'
C96: 16 | D96: Parental leave
C97: 17 | D97: No work, not enough work available (underemployed)
C98: 18 | D98: Stood down (underemployed)
C99: 19 | D99: Bad weather or plant breakdown
C100: 20 | D100: On strike, locked out, or industrial dispute
C101: 21 | D101: Seasonal work or end of season
C102: 22 | D102: Began, left or lost a job during the week
C103: 23 | D103: Worked fewer hours than usual for other reasons
C105: 00 | D105: Did not work fewer hours than usual / Not applicable
C106: -1 | D106: Not available / Not collected
C109: Reason why worked less than usual hours | E109: REASLHRS | F109: Person | G109: LFS | H109: Monthly | I109: Workers who worked less than usual hours last week
C110: 10 | D110: Annual leave, holidays, flextime, or long service leave | H110: Apr 2026 onwards
C111: 11 | D111: Own illness or injury or sick leave
C112: 12 | D112: Caring for ill, injured or elderly person
C113: 13 | D113: Maternity, paternity or parental leave
C114: 14 | D114: Childcare or other family reasons
C115: 15 | D115: Study or other personal reasons
C116: 16 | D116: Standard work arrangements or shift work
C117: 17 | D117: No work, not enough work or stood down
C118: 18 | D118: Bad weather or plant breakdown
C119: 19 | D119: On strike, locked out or industrial dispute
C120: 20 | D120: Seasonal work or end of season
C121: 21 | D121: Began a job during the week
C122: 22 | D122: Lost a job during the week (involuntary)
C123: 23 | D123: Left a job during the week (voluntary)
C124: 24 | D124: Other reason
C126: 00 | D126: Did not work fewer hours than usual / Not employed
C127: -1 | D127: Not available / Not collected
C130: Whether preferred more hours (expanded) | E130: MOREHREX | F130: Person | G130: LFS | H130: Monthly | I130: All
C131: 1 | D131: Preferred more hours / Preferred to work | H131: (Jul 2014 to Mar 2026)
C132: 2 | D132: Did not prefer more hours / Did not look for work
C134: 0 | D134: Not available / Not collected
...

Sheet Industry
A1: Australian Bureau of Statistics
A2: =Contents!A2 -> 6602.0 - Microdata: Longitudinal Labour Force, Australia
A3: =Contents!A3 -> Released at 11:30 am (Canberra time) Wed 21 October 2026
A4: Data Item List
B6: Industry
A8: Data item label and categories | E8: Identifier | F8: Level | G8: Survey | H8: Frequency | I8: Population
C10: Industry division of main/last job (ANZSIC 2006) | E10: IND06DIV | F10: Person | G10: LFS | H10: Quarterly | I10: Employed
C11: 01 | D11: Agriculture, forestry and fishing | H11: Aug 2006 to Feb 2026 | I11: Unemployed
C12: 02 | D12: Mining
C13: 03 | D13: Manufacturing | H13: May 2026 | I13: Employed
C14: 04 | D14: Electricity, gas, water and waste services
C15: 05 | D15: Construction | H15: Monthly | I15: Employed
C16: 06 | D16: Wholesale trade | H16: Aug 2026 onwards
C17: 07 | D17: Retail trade
C18: 08 | D18: Accommodation and food services
C19: 09 | D19: Transport, postal and warehousing
C20: 10 | D20: Information Media and telecommunications
C21: 11 | D21: Financial and insurance services
C22: 12 | D22: Rental, hiring and real estate services
C23: 13 | D23: Professional, scientific and technical services
C24: 14 | D24: Administrative and support services
C25: 15 | D25: Public administration and safety
C26: 16 | D26: Education and training
C27: 17 | D27: Health care and social assistance
C28: 18 | D28: Arts and recreation services
C29: 19 | D29: Other services
C31: 00 | D31: Not in the labour force / Not applicable
C32: -1 | D32: Not available / Not collected
C35: Industry group of main/last job (ANZSIC 2006) | E35: IND06GRP | F35: Person | G35: LFS | H35: Quarterly | I35: Employed
D36: Agriculture, Forestry and Fishing | E36: =LEFT(RIGHT(C36,3),2) | H36: Aug 2006 to Feb 2026 | I36: Unemployed
C37: 01000 | D37: Agriculture, Forestry and Fishing nfd
D38: Agriculture | H38: May 2026 | I38: Employed
C39: 01010 | D39: Agriculture nfd
C40: 01011 | D40: Nursery and Floriculture Production | H40: Monthly | I40: Employed
C41: 01012 | D41: Mushroom and Vegetable Growing | H41: Aug 2026 onwards
C42: 01013 | D42: Fruit and Tree Nut Growing
C43: 01014 | D43: Sheep, Beef Cattle and Grain Farming
C44: 01015 | D44: Other Crop Growing
C45: 01016 | D45: Dairy Cattle Farming
C46: 01017 | D46: Poultry Farming
C47: 01018 | D47: Deer Farming
C48: 01019 | D48: Other Livestock Farming
D49: Aquaculture
C50: 01020 | D50: Aquaculture
D51: Forestry and Logging
C52: 01030 | D52: Forestry and Logging
D53: Fishing, Hunting and Trapping
C54: 01040 | D54: Fishing, Hunting and Trapping nfd
C55: 01041 | D55: Fishing
C56: 01042 | D56: Hunting and Trapping
D57: Agriculture, Forestry and Fishing Support Services
C58: 01050 | D58: Agriculture, Forestry and Fishing Support Services nfd
C59: 01051 | D59: Forestry Support Services
C60: 01052 | D60: Agriculture and Fishing Support Services
D61: Mining
C62: 02000 | D62: Mining nfd
D63: Coal Mining
C64: 02060 | D64: Coal Mining
D65: Oil and Gas Extraction
C66: 02070 | D66: Oil and Gas Extraction
D67: Metal Ore Mining
C68: 02080 | D68: Metal Ore Mining
D69: Non-Metallic Mineral Mining and Quarrying
C70: 02090 | D70: Non-Metallic Mineral Mining and Quarrying nfd
C71: 02091 | D71: Construction Material Mining
C72: 02099 | D72: Other Non-Metallic Mineral Mining and Quarrying
D73: Exploration and Other Mining Support Services
C74: 02100 | D74: Exploration and Other Mining Support Services nfd
C75: 02101 | D75: Exploration
C76: 02109 | D76: Other Mining Support Services
D77: Manufacturing
C78: 03000 | D78: Manufacturing nfd
D79: Food Product Manufacturing
C80: 03110 | D80: Food Product Manufacturing nfd
C81: 03111 | D81: Meat and Meat Product Manufacturing
C82: 03112 | D82: Seafood Processing
C83: 03113 | D83: Dairy Product Manufacturing
C84: 03114 | D84: Fruit and Vegetable Processing
C85: 03115 | D85: Oil and Fat Manufacturing
C86: 03116 | D86: Grain Mill and Cereal Product Manufacturing
C87: 03117 | D87: Bakery Product Manufacturing
C88: 03118 | D88: Sugar and Confectionery Manufacturing
C89: 03119 | D89: Other Food Product Manufacturing
D90: Beverage and Tobacco Product Manufacturing
C91: 03120 | D91: Beverage and Tobacco Product Manufacturing nfd
C92: 03121 | D92: Beverage Manufacturing
C93: 03122 | D93: Cigarette and Tobacco Product Manufacturing
D94: Textile, Leather, Clothing and Footwear Manufacturing
C95: 03130 | D95: Textile, Leather, Clothing and Footwear Manufacturing nfd
C96: 03131 | D96: Textile Manufacturing
C97: 03132 | D97: Leather Tanning, Fur Dressing and Leather Product Manufacturing
C98: 03133 | D98: Textile Product Manufacturing
C99: 03134 | D99: Knitted Product Manufacturing
C100: 03135 | D100: Clothing and Footwear Manufacturing
D101: Wood Product Manufacturing
C102: 03140 | D102: Wood Product Manufacturing nfd
C103: 03141 | D103: Log Sawmilling and Timber Dressing
C104: 03149 | D104: Other Wood Product Manufacturing
D105: Pulp, Paper and Converted Paper Product Manufacturing
C106: 03150 | D106: Pulp, Paper and Converted Paper Product Manufacturing nfd
...

Sheet Occupation and Skill
A1: Australian Bureau of Statistics
A2: =Contents!A2 -> 6602.0 - Microdata: Longitudinal Labour Force, Australia
A3: =Contents!A3 -> Released at 11:30 am (Canberra time) Wed 21 October 2026
A4: Data Item List
B6: Occupation and Skill
A8: Data item label and categories | E8: Identifier | F8: Level | G8: Survey | H8: Frequency | I8: Population
C10: Occupation major group of main/last job (ANZSCO 2013 v1.3) | E10: OCC13MGR | F10: Person | G10: LFS | H10: Quarterly | I10: Employed
C11: 01 | D11: Managers | H11: Aug 2006 to Feb 2026 | I11: Unemployed
C12: 02 | D12: Professionals
C13: 03 | D13: Technicians and trade workers
C14: 04 | D14: Community and personal service workers
C15: 05 | D15: Clerical and administrative workers
C16: 06 | D16: Sales workers
C17: 07 | D17: Machinery operators and drivers
C18: 08 | D18: Labourers
C20: 00 | D20: Not in the labour force / Not applicable
C21: -1 | D21: Not available / Not collected
C24: Skill level of occupation of main/last job (ANZSCO 2013 v1.3) | E24: OCC13SKL | F24: Person | G24: LFS | H24: Quarterly | I24: Employed
C25: 01 | D25: Skill level 1 | H25: Aug 2006 to Feb 2026 | I25: Unemployed
C26: 02 | D26: Skill level 2
C27: 03 | D27: Skill level 3
C28: 04 | D28: Skill level 4
C29: 05 | D29: Skill level 5
C30: 09 | D30: Skill level not determined / Inadequately described
C32: 00 | D32: Not in the labour force / Not applicable
C33: -1 | D33: Not available / Not collected
C36: Occupation of main/last job (ANZSCO 2013 v1.3) | E36: OCC13OCC | F36: Person | G36: LFS | H36: Quarterly | I36: Employed
D37: Managers | H37: Aug 2006 to Feb 2026 | I37: Unemployed
C38: 100000 | D38: Managers nfd
D39: Chief Executives, General Managers and Legislators
C40: 110000 | D40: Chief Executives, General Managers and Legislators nfd
D41: Chief Executives, General Managers and Legislators
C42: 111000 | D42: Chief Executives, General Managers and Legislators nfd
D43: Chief Executives and Managing Directors
C44: 111100 | D44: Chief Executives and Managing Directors
C45: 111111 | D45: Chief Executive or Managing Director
D46: General Managers
C47: 111200 | D47: General Managers nfd
C48: 111211 | D48: Corporate General Manager
C49: 111212 | D49: Defence Force Senior Officer
D50: Legislators
C51: 111300 | D51: Legislators nfd
C52: 111311 | D52: Local Government Legislator
C53: 111312 | D53: Member of Parliament
C54: 111399 | D54: Legislators nec
D55: Farmers and Farm Managers
C56: 120000 | D56: Farmers and Farm Managers nfd
D57: Farmers and Farm Managers
C58: 121000 | D58: Farmers and Farm Managers nfd
D59: Aquaculture Farmers
C60: 121100 | D60: Aquaculture Farmers
C61: 121111 | D61: Aquaculture Farmer
D62: Crop Farmers
C63: 121200 | D63: Crop Farmers nfd
C64: 121211 | D64: Cotton Grower
C65: 121212 | D65: Flower Grower
C66: 121213 | D66: Fruit or Nut Grower
C67: 121214 | D67: Grain, Oilseed or Pasture Grower
C68: 121215 | D68: Grape Grower
C69: 121216 | D69: Mixed Crop Farmer
C70: 121217 | D70: Sugar Cane Grower
C71: 121218 | D71: Turf Grower
C72: 121221 | D72: Vegetable Grower
C73: 121299 | D73: Crop Farmers nec
D74: Livestock Farmers
C75: 121300 | D75: Livestock Farmers nfd
C76: 121311 | D76: Apiarist
C77: 121312 | D77: Beef Cattle Farmer
C78: 121313 | D78: Dairy Cattle Farmer
C79: 121314 | D79: Deer Farmer
C80: 121315 | D80: Goat Farmer
C81: 121316 | D81: Horse Breeder
C82: 121317 | D82: Mixed Livestock Farmer
C83: 121318 | D83: Pig Farmer
C84: 121321 | D84: Poultry Farmer
C85: 121322 | D85: Sheep Farmer
C86: 121399 | D86: Livestock Farmers nec
D87: Mixed Crop and Livestock Farmers
C88: 121400 | D88: Mixed Crop and Livestock Farmers
C89: 121411 | D89: Mixed Crop and Livestock Farmer
D90: Specialist Managers
C91: 130000 | D91: Specialist Managers nfd
D92: Advertising, Public Relations and Sales Managers
C93: 131000 | D93: Advertising, Public Relations and Sales Managers nfd
D94: Advertising, Public Relations and Sales Managers
C95: 131100 | D95: Advertising, Public Relations and Sales Managers nfd
C96: 131111 | D96: Advertising and Public Relations Manager (code retired)
C97: 131112 | D97: Sales and Marketing Manager
C98: 131113 | D98: Advertising Manager
C99: 131114 | D99: Public Relations Manager
D100: Business Administration Managers
C101: 132000 | D101: Business Administration Managers nfd
D102: Corporate Services Managers
C103: 132100 | D103: Corporate Services Managers
C104: 132111 | D104: Corporate Services Manager
D105: Finance Managers
C106: 132200 | D106: Finance Managers
C107: 132211 | D107: Finance Manager
D108: Human Resource Managers
C109: 132300 | D109: Human Resource Managers
...

Sheet Unemployment
A1: Australian Bureau of Statistics
A2: =Contents!A2 -> 6602.0 - Microdata: Longitudinal Labour Force, Australia
A3: =Contents!A3 -> Released at 11:30 am (Canberra time) Wed 21 October 2026
A4: Data Item List
B6: Unemployment
A8: Data item label and categories | E8: Identifier | F8: Level | G8: Survey | H8: Frequency | I8: Population
C10: Full-time or part-time status of unemployment | E10: FTPTUN | F10: Person | G10: LFS | H10: Monthly | I10: Unemployed
C11: 1 | D11: Looked for both full-time and part-time work | H11: (Jul 2014 onwards)
C12: 2 | D12: Looked for only full-time work | H12: (Oct 1982 onwards)
C13: 3 | D13: Looked for only part-time work | H13: (Oct 1982 onwards)
C15: 0 | D15: Not unemployed / Not applicable
C18: Status of last job | E18: LJOBSTAT | F18: Person | G18: LFS | H18: Monthly | I18: Unemployed
D19: Recent worker
C20: 10 | D20: Recent worker: Last worked less than 2 years ago | H20: (Jul 2014 onwards)
C21: 11 | D21: Recent worker: Last worked (for 2 weeks or more) less than 2 years ago | H21: (Apr 2001 to Jun 2014)
C22: 12 | D22: Recent worker: Last worked full-time (for 2 weeks or more) less than 2 years ago | H22: (Oct 1982 to Mar 2001)
C23: 13 | D23: Recent worker: Last worked part-time (for 2 weeks or more) less than 2 years ago | H23: (Apr 1986 to Mar 2001)
D24: Former worker
C25: 20 | D25: Former worker: Last worked 2 years or more ago | H25: (Jul 2014 onwards)
C26: 21 | D26: Former worker: Last worked (for 2 weeks or more) 2 years or more ago | H26: (Oct 1982 to Jun 2014)
D27: Never worked
C28: 30 | D28: Never worked: Has never worked for 2 weeks or more but has worked (for less than 2 weeks) | H28: (Apr 1986 to Mar 2001)
C29: 31 | D29: Never worked: Has never worked full-time for 2 weeks or more but has worked (part-time or less than 2 weeks) | H29: (Oct 1982 to Mar 1986)
C30: 40 | D30: Never worked: Has never worked before (looking for first job) | H30: (Apr 1986 to Mar 2001, Jul 2014 onwards)
C31: 41 | D31: Never worked: Has never worked (for 2 weeks or more) before | H31: (Apr 2001 to Jun 2014)
D32: Stood down
C33: 50 | D33: Stood down for less than 4 weeks, no work was available | H33: (Apr 1986 to Jul 1997)
C35: 00 | D35: Not unemployed / Not applicable
C36: -1 | D36: Not available / Not collected
C39: Reason left or lost last job in the last 3 months | E39: REASLLJ | F39: Person | G39: LFS | H39: Monthly | I39: Unemployed
D40: Lost last job | H40: Apr 1986 to Mar 2001
D41: Lost last job for economic reasons (retrenched) | H41: Quarterly
C42: 1110 | D42: Lost job: retrenched, made redundant, employer went out of business, or no work was available | H42: May 2001 to Feb 2026
C43: 1120 | D43: Self-employed: business closed down for economic reasons - went broke, liquidated, no work, no supply or no demand
C44: 1130 | D44: More than one reason: lost last job for economic reasons (retrenched) | H44: (Aug 2014 to Feb 2026)
D45: Lost last job for non-economic reasons
C46: 1211 | D46: Dismissed | H46: (Aug 2014 to Feb 2026)
C47: 1212 | D47: Job ended: temporary or seasonal job
C48: 1213 | D48: Own ill health or injury
C49: 1231 | D49: More than one reason: lost last job for non-economic reasons only | H49: (Aug 2014 to Feb 2026)
D50: Left last job
C51: 2014 | D51: Unsatisfactory work arrangements, pay or hours
C52: 2015 | D52: Holiday job or returned to studies
C53: 2016 | D53: To obtain a better job or conditions or just wanted a change | H53: (Aug 2014 to Feb 2026)
C54: 2017 | D54: Retired | H54: (Aug 2014 to Feb 2026)
C55: 2018 | D55: Family reasons: got married, had children, looked after others, holiday, moved location or spouse transferred | H55: (Aug 2014 to Feb 2026)
C56: 2019 | D56: To start own or new business | H56: (Aug 2014 to Feb 2026)
C57: 2021 | D57: Self-employed: business closed down or sold for non-economic reasons | H57: (Aug 2014 to Feb 2026)
C58: 2022 | D58: Left or lost last job for other reasons
C59: 2032 | D59: More than one reason: left last job | H59: (Aug 2014 to Feb 2026)
C61: 0000 | D61: Not unemployed / Not applicable
C62: -001 | D62: Not available / Not collected
C65: Reason left last job in the last 4 weeks | E65: REASLJOB | F65: Person | G65: LFS | H65: Monthly | I65: Unemployment
C66: 01 | D66: Lost job or dismissed | H66: Aug 2026 onwards
C67: 02 | D67: Temporary or seasonal job ended
C68: 03 | D68: Own ill health or injury
C69: 04 | D69: Poor pay or hours or to get a better job
C70: 05 | D70: Retired
C71: 06 | D71: Family reasons
C72: 07 | D72: Other reasons
C74: 00 | D74: Not unemployed / Not applicable
C75: -1 | D75: Not available / Not collected
C80: ="© Commonwealth of Australia "&YEAR(TODAY()) -> © Commonwealth of Australia 2026

Sheet Duration of Job Search
A1: Australian Bureau of Statistics
A2: =Contents!A2 -> 6602.0 - Microdata: Longitudinal Labour Force, Australia
A3: =Contents!A3 -> Released at 11:30 am (Canberra time) Wed 21 October 2026
A4: Data Item List
B6: Duration of Job Search
A8: Data item label and categories | E8: Identifier | F8: Level | G8: Survey | H8: Frequency | I8: Population
C10: Duration of job search (weeks) | E10: DURJSCH | F10: Person | G10: LFS | H10: Monthly | I10: Unemployed
C11: 0001.0 | D11: 1 week or less | H11: Apr 1986 to Mar 2026
C12: 0002.0 | D12: 2 weeks
C13: 0003.0 | D13: 3 weeks
C14: ... | D14: ...
C15: 0998.0 | D15: 998 weeks
C16: 0999.0 | D16: 999 weeks | H16: (Apr 2001 to Mar 2026)
C17: 0999.1 | D17: 999 weeks or more | H17: (Apr 1986 to Mar 2001)
C18: 1000.0 | D18: 1000 weeks | H18: (Apr 2001 to Mar 2026)
C19: 1001.0 | D19: 1001 weeks | H19: (Apr 2001 to Mar 2026)
C20: ... | D20: ... | H20: (Apr 2001 to Mar 2026)
C21: 2998.0 | D21: 2998 weeks | H21: (Apr 2001 to Mar 2026)
C22: 2999.0 | D22: 2999 weeks | H22: (Apr 2001 to Mar 2026)
C23: 3000.0 | D23: 3000 weeks | H23: (Apr 2001 to Mar 2026)
C25: 0000 | D25: Not unemployed / Not applicable
C26: -001 | D26: Not available / Not collected
C29: Duration of job search (months) | E29: DURJSM | F29: Person | G29: LFS | H29: Monthly | I29: Unemployed
C30: 1 | D30: 1 month | H30: Apr 2026 onwards
C31: 2 | D31: 2 months
C32: 3 | D32: 3 months
C33: 4 | D33: 4 months
C34: 5 | D34: 5 months
C35: 6 | D35: 6 months
C36: 7 | D36: 7 months
C37: 8 | D37: 8 months
C38: 9 | D38: 9 months
C39: 10 | D39: 10 months
C40: 11 | D40: 11 months
C41: 12 | D41: 12 months to less than 24 months
C42: 24 | D42: 24 months or more
C44: 00 | D44: Not unemployed / Not applicable
C45: -01 | D45: Not available / Not collected
C48: Duration of unemployment since last full-time job (weeks) | E48: DURUNFT | F48: Person | G48: LFS | H48: Monthly | I48: Unemployed
C49: 0001 | D49: 1 week or less | H49: Oct 1982 to Jun 2014
C50: 0002 | D50: 2 weeks
C51: 0003 | D51: 3 weeks
C52: ... | D52: ...
C53: 0998.0 | D53: 998 weeks
C54: 0999.0 | D54: 999 weeks | H54: (Apr 2001 to Jun 2014)
C55: 0999.1 | D55: 999 weeks or more | H55: (Oct 1982 to Mar 2001)
C56: 1000.0 | D56: 1000 weeks | H56: (Apr 2001 to Jun 2014)
C57: 1001.0 | D57: 1001 weeks | H57: (Apr 2001 to Jun 2014)
C58: ... | D58: ... | H58: (Apr 2001 to Jun 2014)
C59: 2998.0 | D59: 2998 weeks | H59: (Apr 2001 to Jun 2014)
C60: 2999.0 | D60: 2999 weeks | H60: (Apr 2001 to Jun 2014)
C61: 3000.0 | D61: 3000 weeks | H61: (Apr 2001 to Jun 2014)
C63: 0000 | D63: Not unemployed / Not applicable
C64: -001 | D64: Not available / Not collected
C67: Duration since last job (weeks) | E67: NWKSLJOB | F67: Person | G67: LFS | H67: Monthly | I67: Unemployed
C68: 0001.0 | D68: 1 week or less | H68: Apr 1986 to Mar 2026
C69: 0002.0 | D69: 2 weeks
C70: 0003.0 | D70: 3 weeks
C71: ... | D71: ...
C72: 0103.0 | D72: 103 weeks
C73: 0104.0 | D73: 104 weeks | H73: (Apr 2001 to Mar 2026)
C74: 0104.1 | D74: 104 weeks or more | H74: (Apr 1986 to Mar 2001)
C75: 0105.0 | D75: 105 weeks | H75: (Apr 2001 to Mar 2026)
C76: 0106.0 | D76: 106 weeks | H76: (Apr 2001 to Mar 2026)
C77: ... | D77: ... | H77: (Apr 2001 to Mar 2026)
C78: 2998.0 | D78: 2998 weeks | H78: (Apr 2001 to Mar 2026)
C79: 2999.0 | D79: 2999 weeks | H79: (Apr 2001 to Mar 2026)
C80: 3000.0 | D80: 3000 weeks | H80: (Apr 2001 to Mar 2026)
C82: 0000.0 | D82: Not unemployed / Not applicable
C83: -001.0 | D83: Never worked / Not available / Not collected
C86: Duration since last job (months) | E86: MTHSLJOB | F86: Person | G86: LFS | H86: Monthly | I86: Unemployed
C87: 001 | D87: 1 month | H87: Apr 2026 onwards
C88: 002 | D88: 2 months
C89: 003 | D89: 3 months
C90: 004 | D90: 4 months
C91: 005 | D91: 5 months
C92: 006 | D92: 6 months
C93: 007 | D93: 7 months
C94: 008 | D94: 8 months
C95: 009 | D95: 9 months
C96: 010 | D96: 10 months
C97: 011 | D97: 11 months
C98: 012 | D98: 12 months to less than 24 months
C99: 024 | D99: 24 months to less than 120 months
... C103: -01 | D103: Never worked / Not available / Not collected
C105: Duration since last full-time job (weeks) | E105: NWKSLFTJ | F105: Person | G105: LFS | H105: Monthly | I105: Unemployed
C106: 0001.0 | D106: 1 week or less | H106: Oct 1982 to Jun 2014
C107: 0002.0 | D107: 2 weeks
C108: 0003.0 | D108: 3 weeks
C109: ... | D109: ...
C110: 0103.0 | D110: 103 weeks
C111: 0104.0 | D111: 104 weeks | H111: (Apr 2001 to Jun 2014)
C112: 0104.1 | D112: 104 weeks or more | H112: (Oct 1982 to Mar 2001)
C113: 0105.0 | D113: 105 weeks | H113: (Apr 2001 to Jun 2014)
C114: 0106.0 | D114: 106 weeks | H114: (Apr 2001 to Jun 2014)
C115: ... | D115: ... | H115: (Apr 2001 to Jun 2014)
C116: 2998.0 | D116: 2998 weeks | H116: (Apr 2001 to Jun 2014)
C117: 2999.0 | D117: 2999 weeks | H117: (Apr 2001 to Jun 2014)
C118: 3000.0 | D118: 3000 weeks | H118: (Apr 2001 to Jun 2014)
C120: 0000.0 | D120: Not unemployed / Not applicable
...

Sheet Not in the Labour Force
A1: Australian Bureau of Statistics
A2: =Contents!A2 -> 6602.0 - Microdata: Longitudinal Labour Force, Australia
A3: =Contents!A3 -> Released at 11:30 am (Canberra time) Wed 21 October 2026
A4: Data Item List
B6: Not in the Labour Force
A8: Data item label and categories | E8: Identifier | F8: Level | G8: Survey | H8: Frequency | I8: Population
C10: Not in the labour force status | E10: NILFSTAT | F10: Person | G10: LFS | H10: Monthly | I10: All
D11: Waiting to start work
C12: 10 | D12: Waiting to start work in less than 4 weeks and available to start last week (unemployed)
C13: 11 | D13: Waiting to start work in less than 4 weeks, but unavailable to start last week
C14: 12 | D14: Waiting to start work in 4 weeks or more nfd
C15: 13 | D15: Waiting to start work in 4 weeks or more, but available to start in next 4 weeks if work was available | H15: (Apr 2001 onwards)
C16: 14 | D16: Waiting to start work in 4 weeks or more, unavailable to start in next 4 weeks | H16: (Apr 2001 onwards)
D17: Actively looked for work
C18: 20 | D18: Actively looked for work but unavailable to start nfd | H18: (Oct 1982 to Mar 2001)
C19: 27 | D19: Actively looked for work, unavailable to start, but available in next four weeks | H19: (Apr 2001 onwards)
C20: 28 | D20: Actively looked for work but unavailable to start in next four weeks | H20: (Apr 2001 onwards)
D21: Passively looked for work
C22: 36 | D22: Passively looked for work
D23: Did not look for work
C24: 45 | D24: Did not look for work
D25: Permanently unable or not intending to work
C26: 53 | D26: Permanently unable to work
C27: 54 | D27: Permanently not intending to work (aged 65 and over) | H27: (Apr 2001 onwards)
D28: Institutionalised
C29: 61 | D29: Institutionalised
C30: 62 | D30: At boarding school
C32: 00 | D32: In the labour force / Not applicable
C33: -1 | D33: Not available / Not collected
C38: ="© Commonwealth of Australia "&YEAR(TODAY()) -> © Commonwealth of Australia 2026

Sheet Retrenchment
A1: Australian Bureau of Statistics
A2: =Contents!A2 -> 6602.0 - Microdata: Longitudinal Labour Force, Australia
A3: =Contents!A3 -> Released at 11:30 am (Canberra time) Wed 21 October 2026
A4: Data Item List
B6: Retrenchment
A8: Data item label and categories | E8: Identifier | F8: Level | G8: Survey | H8: Frequency | I8: Population
C10: Number of jobs left or lost in last 3 months | E10: NUMLLJ3M | F10: Person | G10: LFS | H10: Quarterly | I10: All
C11: 00 | D11: No jobs left or lost in last 3 months | H11: Aug 2014 to Feb 2026
C12: 01 | D12: One job left or lost in last 3 months
C13: 02 | D13: Two jobs left or lost in last 3 months
C14: 03 | D14: Three or more jobs left or lost in last 3 months
C16: -9 | D16: Not available / Not collected
C19: Lost jobs and retrenchment status last 3 months | E19: RTRNCH3M | F19: Person | G19: LFS | H19: Quarterly | I19: All
D20: Lost at least one job in last 3 months | H20: Aug 2014 to Feb 2026
C21: 11 | D21: Retrenched: Lost at least one job for economic reasons in last 3 months
C22: 12 | D22: Lost at least one job for non-economic reasons in last 3 months (not retrenched)
D23: No jobs lost in last 3 months
C24: 21 | D24: Only left job(s) in last 3 months (no lost jobs)
C25: 22 | D25: No jobs left or lost in last 3 months
C27: -9 | D27: Not available / Not collected
C30: Retrenchment status in last 4 weeks | E30: RTRNCH4W | F30: Person | G30: LFS | H30: Monthly | I30: All
C31: 01 | D31: Retrenched: Lost at least one job for economic reasons in last 3 months | H31: Aug 2026 onwards
C32: 05 | D32: Not Retrenched in the last 4 weeks
C34: -9 | D34: Not available / Not collected
C37: Reasons left or lost job(s) in last 3 months: Employees
C39: Reason lost job(s) in last 3 months: Lost job (retrenched, made redundant, etc) | E39: RSLLJ3MA | F39: Person | G39: LFS | H39: Quarterly | I39: All
C40: 00 | D40: Did not lose job(s) in last 3 months | H40: Aug 2014 to Feb 2026
C41: 01 | D41: Lost job(s) in last 3 months: retrenched, made redundant, employer went out of business, or no work was available
C43: -1 | D43: No jobs left or lost in last 3 months / Not applicable
C44: -9 | D44: Not available / Not collected
C47: Reason lost job(s) in last 3 months: Dismissed | E47: RSLLJ3MB | F47: Person | G47: LFS | H47: Quarterly | I47: All
C48: 00 | D48: Was not dismissed in last 3 months | H48: Aug 2014 to Feb 2026
C49: 01 | D49: Dismissed in last 3 months
C51: -1 | D51: No jobs left or lost in last 3 months / Not applicable
C52: -9 | D52: Not available / Not collected
C55: Reason lost job(s) in last 3 months: Temporary or seasonal job ended | E55: RSLLJ3MC | F55: Person | G55: LFS | H55: Quarterly | I55: All
C56: 00 | D56: No temporary or seasonal job(s) ended in last 3 months | H56: Aug 2014 to Feb 2026
C57: 01 | D57: Temporary or seasonal job(s) ended in last 3 months
C59: -1 | D59: No jobs left or lost in last 3 months / Not applicable
C60: -9 | D60: Not available / Not collected
C63: Reason lost job(s) in last 3 months: Own ill health or injury | E63: RSLLJ3MD | F63: Person | G63: LFS | H63: Quarterly | I63: All
C64: 00 | D64: Did not lose job(s) due to own ill health or injury in last 3 months | H64: Aug 2014 to Feb 2026
C65: 01 | D65: Lost job(s) due to own ill health or injury in last 3 months
C67: -1 | D67: No jobs left or lost in last 3 months / Not applicable
C68: -9 | D68: Not available / Not collected
C71: Reason left job(s) in last 3 months: Unsatisfactory work arrangements, pay or hours | E71: RSLLJ3ME | F71: Person | G71: LFS | H71: Quarterly | I71: All
C72: 00 | D72: Did not leave job(s) due to unsatisfactory work arrangements, pay or hours in last 3 months | H72: Aug 2014 to Feb 2026
C73: 01 | D73: Left job(s) due to unsatisfactory work arrangements, pay or hours in last 3 months
C75: -1 | D75: No jobs left or lost in last 3 months / Not applicable
C76: -9 | D76: Not available / Not collected
C79: Reason left job(s) in last 3 months: Returned to studies (holiday job) | E79: RSLLJ3MF | F79: Person | G79: LFS | H79: Quarterly | I79: All
C80: 00 | D80: Did not leave job(s) to return to studies (holiday job) in last 3 months | H80: Aug 2014 to Feb 2026
C81: 01 | D81: Left job(s) to return to studies (holiday job) in last 3 months
C83: -1 | D83: No jobs left or lost in last 3 months / Not applicable
C84: -9 | D84: Not available / Not collected
C87: Reason left job(s) in last 3 months: To obtain a better job or just wanted a change | E87: RSLLJ3MG | F87: Person | G87: LFS | H87: Quarterly | I87: All
C88: 00 | D88: Did not leave job(s) to obtain a better job or just wanted a change in last 3 months | H88: Aug 2014 to Feb 2026
C89: 01 | D89: Left job(s) to obtain a better job or conditions or just wanted a change in last 3 months
C91: -1 | D91: No jobs left or lost in last 3 months / Not applicable
C92: -9 | D92: Not available / Not collected
C95: Reason left job(s) in last 3 months: Retired | E95: RSLLJ3MH | F95: Person | G95: LFS | H95: Quarterly | I95: All
C96: 00 | D96: Did not retire in last 3 months | H96: Aug 2014 to Feb 2026
C97: 01 | D97: Retired in last 3 months
C99: -1 | D99: No jobs left or lost in last 3 months / Not applicable
C100: -9 | D100: Not available / Not collected
C103: Reason left job(s) in last 3 months: Family reasons (got married, had children, etc) | E103: RSLLJ3MI | F103: Person | G103: LFS | H103: Quarterly | I103: All
C104: 00 | D104: Did not leave job(s) due to family reasons in last 3 months | H104: Aug 2014 to Feb 2026
C105: 01 | D105: Left job(s) due to family reasons in last 3 months: got married, had children, looked after others, holiday, moved location or spouse transferred
C107: -1 | D107: No jobs left or lost in last 3 months / Not applicable
C108: -9 | D108: Not available / Not collected
C111: Reason left job(s) in last 3 months: To start own or new business | E111: RSLLJ3MJ | F111: Person | G111: LFS | H111: Quarterly | I111: All
C112: 00 | D112: Did not leave job(s) to start own business in last 3 months | H112: Aug 2014 to Feb 2026
C113: 01 | D113: Left job(s) to start own business in last 3 months
C115: -1 | D115: No jobs left or lost in last 3 months / Not applicable
C116: -9 | D116: Not available / Not collected
C119: Reasons left or lost job(s) in last 3 months: Owner managers
C121: Reason lost job(s) in last 3 months: Closed down own business for economic reasons (went broke, etc) | E121: RSLLJ3MK | F121: Person | G121: LFS | H121: Quarterly | I121: All
C122: 00 | D122: Did not close down own business for economic reasons in last 3 months | H122: Aug 2014 to Feb 2026
C123: 01 | D123: Closed down own business for economic reasons in last 3 months: went broke, liquidated, no work, no supply or no demand
C125: -1 | D125: No jobs left or lost in last 3 months / Not applicable
C126: -9 | D126: Not available / Not collected
C129: Reason left job(s) in last 3 months: Closed down or sold own business for other reasons | E129: RSLLJ3ML | F129: Person | G129: LFS | H129: Quarterly | I129: All
C130: 00 | D130: Did not close down or sell own business for other reasons in last 3 months | H130: Aug 2014 to Feb 2026
C131: 01 | D131: Closed down or sold own business for other reasons in last 3 months
C133: -1 | D133: No jobs left or lost in last 3 months / Not applicable
C134: -9 | D134: Not available / Not collected
C137: Reasons left or lost job(s) in last 3 months: Other
C139: Reason left job(s) in last 3 months: Other reasons | E139: RSLLJ3MM | F139: Person | G139: LFS | H139: Quarterly | I139: All
C140: 00 | D140: Did not leave job(s) for other reasons in last 3 months | H140: Aug 2014 to Feb 2026
C141: 01 | D141: Left job(s) for other reasons in last 3 months
C143: -1 | D143: No jobs left or lost in last 3 months / Not applicable
C144: -9 | D144: Not available / Not collected
C149: ="© Commonwealth of Australia "&YEAR(TODAY()) -> © Commonwealth of Australia 2026

Sheet Weighting and Benchmarks
A1: Australian Bureau of Statistics
A2: =Contents!A2 -> 6602.0 - Microdata: Longitudinal Labour Force, Australia
A3: =Contents!A3 -> Released at 11:30 am (Canberra time) Wed 21 October 2026
A4: Data Item List
B6: Weighting and Benchmarks
A8: Data item label and categories | E8: Identifier | F8: Level | G8: Survey | H8: Frequency | I8: Population
C10: Population counts (benchmarks)
C12: Sex (for population count) | E12: POPSEX | F12: Population count | G12: LFS | H12: Not applicable | I12: All
C13: 1 | D13: Male
C14: 2 | D14: Female
C17: Age group (for population count) | E17: POPAGEGR | F17: Population count | G17: LFS | H17: Monthly | I17: All
C18: 1519 | D18: 15-19 years
C19: 2024 | D19: 20-24 years
C20: 2534 | D20: 25-34 years
C21: 3544 | D21: 35-44 years
C22: 4554 | D22: 45-54 years
C23: 5559 | D23: 55-59 years
C24: 6064 | D24: 60-64 years
C25: 6599 | D25: 65 years and over
C28: Area of usual residence (for population count) | E28: POPREGN | F28: Population count | G28: LFS | H28: Monthly | I28: All
C29: 11 | D29: Greater Sydney
C30: 19 | D30: Rest of New South Wales
C31: 21 | D31: Greater Melbourne
C32: 29 | D32: Rest of Victoria
C33: 31 | D33: Greater Brisbane
C34: 39 | D34: Rest of Queensland
C35: 41 | D35: Greater Adelaide
C36: 49 | D36: Rest of South Australia
C37: 51 | D37: Greater Perth
C38: 59 | D38: Rest of Western Australia
C39: 61 | D39: Greater Hobart
C40: 69 | D40: Rest of Tasmania
... C42: 80 | D42: Australian Capital Territory
C45: Population count | E45: POPCOUNT | F45: Population count | G45: LFS | H45: Monthly | I45: All
C46: A discrete variable
C48: Population counts range from 830 to 450 000, depending on the sex, age group and area of usual residence
C51: Weights
C53: Unrevised weight for the current month (from previous release) | E53: PREVWT | F53: Person | G53: LFS | H53: Monthly | I53: All
C54: Weights are revised regularly. This item retains the unrevised weight from the previous release
C56: -1 | D56: Not in previous release
C59: Weight for the current month | E59: WEIGHT | F59: Person | G59: LFS | H59: Monthly | I59: All
C60: A weight is given as a continuous variable up to 8 decimal places
C62: An average weight is approximately 250 and ranges from 5 to 3085
C65: Replicate weight group 01 to 30 | E65: REPWTG01 - | F65: Person | G65: LFS | H65: Monthly | I65: All
C66: A series of 30 replicate weights for subsamples of 96.7% of the full sample (29/30) | E66: REPWTG30
C68: These can be used to calculate relative standard errors using the Jackknife method
C73: ="© Commonwealth of Australia "&YEAR(TODAY()) -> © Commonwealth of Australia 2026
